[ AOE2 MATCH · #483973338 ]
Team RMInca vs Franks
[ REPLAY ANALYSIS · EXTRACTED FROM THE RECORDED GAME ]
Feudal
9:17
Castle
16:59
Imperial
—
| APM avg | 40.9 |
| APM peak | 78 |
| eAPM avg | 24.3 |
| Villagers / military | 51 / 5 |
Focus
⚔️ 23.5% · 🌾 76.5%
Unknown (2550) ×8 · Archer ×5
Feudal
10:31
Castle
14:10
Imperial
—
| APM avg | 49.3 |
| APM peak | 101 |
| eAPM avg | 19.8 |
| Villagers / military | 48 / 25 |
Focus
⚔️ 21.8% · 🌾 78.2%
Scorpion ×18 · Battering Ram ×6 · Mangonel ×1
Feudal
11:00
Castle
15:12
Imperial
—
| APM avg | 19.2 |
| APM peak | 63 |
| eAPM avg | 8.1 |
| Villagers / military | 32 / 15 |
Focus
⚔️ 17.4% · 🌾 82.6%
Knight ×15
Feudal
10:45
Castle
15:14
Imperial
—
| APM avg | 27.7 |
| APM peak | 51 |
| eAPM avg | 15.5 |
| Villagers / military | 40 / 5 |
Focus
⚔️ 28.6% · 🌾 71.4%
Longbowman ×3 · Mangonel ×1 · Monk ×1
Match map
Initial resources + every placement click. Lines = walls · curves = elevation contours. ◆ gold · ⬟ stone · ● berries · ✦ relic · ◌ wall gap
Your base· ✓ Closed at 16:59 · 0t walls · 2 gate(s)
andreymarchanka's base· ✓ Closed at 14:10 · 0t walls · 2 gate(s)
serega_html's base· ✓ Closed at 15:12 · 0t walls · 2 gate(s)
AiM | Evander's base· ✓ Closed at 15:14 · 9t walls · 3 gate(s)
Smoothed initial terrain · ◌ = detected wall gap · hover for details
Inputs per minute
— omnomnomnivore - - andreymarchanka
Build order — omnomnomnivore
129 actions detected in the replay
| 0:02 | Create | Villager (Male) |
| 0:02 | Create | Villager (Male) |
| 0:03 | Build | House |
| 0:20 | Create | Villager (Male) |
| 0:20 | Create | Villager (Male) |
| 1:23 | Create | Villager (Male) |
| 1:35 | Create | Villager (Male) |
| 2:05 | Create | Villager (Male) |
| 2:10 | Build | Settlement |
| 2:21 | Create | Villager (Male) |
| 2:53 | Create | Villager (Male) |
| 3:11 | Create | Villager (Male) |
| 4:02 | Create | Villager (Male) |
| 4:16 | Create | Villager (Male) |
| 4:17 | Create | Villager (Male) |
| 4:38 | Create | Villager (Male) |
| 5:26 | Create | Villager (Male) |
| 6:10 | Create | Villager (Male) |
| 6:31 | Create | Villager (Male) |
| 6:57 | Create | Villager (Male) |
| 7:00 | Research | Feudal Age |
| 7:01 | Research | Loom |
| 7:26 | Build | House |
| 7:49 | Build | Barracks |
| 8:26 | Build | Settlement |
| 8:43 | Build | Settlement |
| 9:03 | Create | Villager (Male) |
| 9:17 | Age | Feudal Age |
| 9:19 | Create | Villager (Male) |
| 9:32 | Build | Farm |
| 9:35 | Build | Farm |
| 9:38 | Build | Farm |
| 9:40 | Create | Villager (Male) |
| 10:08 | Create | Villager (Male) |
| 10:25 | Build | Archery Range |
| 10:51 | Build | Settlement |
| 10:54 | Create | Villager (Male) |
| 11:07 | Build | Farm |
| 11:10 | Create | Villager (Male) |
| 11:29 | Build | Farm |
| 11:41 | Build | Farm |
| 11:45 | Create | Villager (Male) |
| 11:52 | Build | Farm |
| 12:04 | Create | Villager (Male) |
| 12:13 | Build | Farm |
| 12:29 | Create | Villager (Male) |
| 12:33 | Research | Loom |
| 12:39 | Create | Villager (Male) |
| 12:42 | Create | Villager (Male) |
| 13:11 | Create | Villager (Male) |
| 13:16 | Build | Blacksmith |
| 13:30 | Create | Villager (Male) |
| 13:38 | Research | Loom |
| 13:57 | Create | Archer |
| 13:57 | Create | Archer |
| 14:00 | Build | House |
| 14:04 | Create | Villager (Male) |
| 14:14 | Research | Castle Age |
| 14:27 | Build | House |
| 14:51 | Research | Double-Bit Axe |
| 14:53 | Research | Horse Collar |
| 14:55 | Research | Gold Mining |
| 15:00 | Build | House |
| 15:11 | Create | Archer |
| 15:32 | Create | Archer |
| 15:45 | Create | Villager (Male) |
| 16:02 | Create | Archer |
| 16:22 | Research | Fletching |
| 16:51 | Create | Unit 2550 |
| 16:52 | Create | Unit 2550 |
| 16:56 | Build | Barracks |
| 16:59 | Age | Castle Age |
| 17:03 | Research | Squires |
| 17:05 | Research | Scale Mail Armor |
| 17:06 | Create | Villager (Male) |
| 17:13 | Build | Town Center |
| 17:20 | Build | Town Center |
| 17:28 | Build | Town Center |
| 17:29 | Create | Villager (Male) |
| 17:43 | Build | Town Center |
| 17:51 | Build | Town Center |
| 17:59 | Create | Unit 2550 |
| 17:59 | Create | Unit 2550 |
| 18:02 | Create | Villager (Male) |
| 18:08 | Create | Villager (Male) |
| 18:26 | Build | Farm |
| 18:27 | Build | Farm |
| 18:30 | Create | Villager (Male) |
| 18:45 | Build | Farm |
| 18:45 | Build | Farm |
| 18:46 | Build | Farm |
| 19:03 | Research | Tech 1402 |
| 19:16 | Build | Farm |
| 19:18 | Build | Farm |
| 19:25 | Create | Villager (Male) |
| 19:25 | Create | Villager (Male) |
| 19:27 | Create | Villager (Male) |
| 19:29 | Build | Farm |
| 19:56 | Create | Villager (Male) |
| 19:57 | Create | Villager (Male) |
| 19:59 | Build | Farm |
| 20:02 | Build | Farm |
| 20:04 | Build | Farm |
| 20:13 | Create | Unit 2550 |
| 20:20 | Build | Farm |
| 20:21 | Create | Villager (Male) |
| 20:24 | Build | Farm |
| 20:33 | Create | Unit 2550 |
| 20:33 | Create | Unit 2550 |
| 20:44 | Build | Farm |
| 20:46 | Create | Villager (Male) |
| 20:49 | Build | Farm |
| 20:50 | Build | Farm |
| 20:52 | Create | Villager (Male) |
| 21:01 | Build | Farm |
| 21:05 | Create | Unit 2550 |
| 21:13 | Create | Villager (Male) |
| 21:16 | Create | Villager (Male) |
| 21:25 | Create | Villager (Male) |
| 21:37 | Build | Settlement |
| 21:38 | Build | Farm |
| 21:39 | Build | Farm |
| 21:39 | Build | Farm |
| 21:39 | Build | Farm |
| 21:39 | Build | Farm |
| 21:41 | Create | Villager (Male) |
| 21:42 | Create | Villager (Male) |
| 22:19 | Research | Wheelbarrow |
| 22:20 | Research | Town Watch |
Build order — andreymarchanka
111 actions detected in the replay
| 0:00 | Create | Villager (Male) |
| 0:01 | Create | Villager (Male) |
| 0:01 | Create | Villager (Male) |
| 0:02 | Build | House |
| 0:03 | Build | House |
| 0:23 | Create | Villager (Male) |
| 0:23 | Create | Villager (Male) |
| 1:24 | Create | Villager (Male) |
| 1:44 | Build | Lumber Camp |
| 1:58 | Create | Villager (Male) |
| 2:16 | Create | Villager (Male) |
| 2:16 | Create | Villager (Male) |
| 2:50 | Create | Villager (Male) |
| 3:19 | Create | Villager (Male) |
| 3:39 | Create | Villager (Male) |
| 3:49 | Build | House |
| 3:50 | Build | House |
| 3:51 | Build | House |
| 4:01 | Create | Villager (Male) |
| 4:30 | Create | Villager (Male) |
| 4:41 | Create | Villager (Male) |
| 4:44 | Create | Villager (Male) |
| 5:29 | Build | Mill |
| 5:42 | Create | Villager (Male) |
| 6:11 | Create | Villager (Male) |
| 6:15 | Build | Farm |
| 6:29 | Create | Villager (Male) |
| 6:29 | Create | Villager (Male) |
| 6:30 | Create | Villager (Male) |
| 7:35 | Build | Mining Camp |
| 7:44 | Create | Villager (Male) |
| 8:07 | Research | Feudal Age |
| 8:08 | Create | Villager (Male) |
| 8:11 | Create | Villager (Male) |
| 8:14 | Build | Farm |
| 10:31 | Age | Feudal Age |
| 10:39 | Build | Market |
| 10:41 | Build | Blacksmith |
| 11:30 | Research | Castle Age |
| 11:42 | Research | Double-Bit Axe |
| 11:59 | Research | Loom |
| 12:03 | Research | Horse Collar |
| 12:05 | Build | Farm |
| 12:12 | Build | Farm |
| 12:22 | Build | Farm |
| 12:41 | Build | House |
| 12:57 | Create | Villager (Male) |
| 13:10 | Build | House |
| 14:10 | Age | Castle Age |
| 14:11 | Build | Siege Workshop |
| 14:14 | Build | Siege Workshop |
| 14:23 | Create | Villager (Male) |
| 14:31 | Research | Bow Saw |
| 14:39 | Create | Villager (Male) |
| 14:59 | Create | Battering Ram |
| 15:04 | Create | Scorpion |
| 15:09 | Create | Villager (Male) |
| 15:17 | Build | House |
| 15:37 | Create | Villager (Male) |
| 15:55 | Create | Mangonel |
| 15:57 | Build | House |
| 16:14 | Create | Scorpion |
| 16:19 | Create | Villager (Male) |
| 16:50 | Build | House |
| 16:54 | Create | Villager (Male) |
| 16:54 | Create | Villager (Male) |
| 16:55 | Create | Villager (Male) |
| 16:57 | Create | Scorpion |
| 17:17 | Create | Battering Ram |
| 17:17 | Create | Scorpion |
| 17:20 | Create | Villager (Male) |
| 17:20 | Create | Villager (Male) |
| 17:24 | Build | House |
| 17:39 | Create | Scorpion |
| 17:40 | Create | Scorpion |
| 18:15 | Create | Battering Ram |
| 18:29 | Create | Villager (Male) |
| 18:30 | Create | Villager (Male) |
| 18:31 | Create | Scorpion |
| 18:31 | Create | Scorpion |
| 18:54 | Create | Battering Ram |
| 19:15 | Create | Villager (Male) |
| 19:32 | Create | Battering Ram |
| 19:32 | Create | Battering Ram |
| 19:57 | Create | Scorpion |
| 19:57 | Create | Villager (Male) |
| 19:58 | Create | Villager (Male) |
| 19:58 | Create | Villager (Male) |
| 20:00 | Build | Mining Camp |
| 20:01 | Create | Villager (Male) |
| 20:06 | Build | House |
| 20:06 | Build | House |
| 20:41 | Create | Scorpion |
| 20:41 | Create | Scorpion |
| 20:41 | Create | Scorpion |
| 20:50 | Build | House |
| 20:57 | Create | Scorpion |
| 20:57 | Create | Villager (Male) |
| 20:58 | Create | Villager (Male) |
| 20:58 | Create | Villager (Male) |
| 21:00 | Build | Farm |
| 21:03 | Build | Town Center |
| 21:20 | Create | Scorpion |
| 21:29 | Build | House |
| 21:29 | Create | Villager (Male) |
| 21:32 | Create | Scorpion |
| 22:13 | Create | Scorpion ×2 |
| 22:14 | Create | Villager (Male) |
| 22:14 | Create | Villager (Male) |
| 22:23 | Create | Scorpion |
| 22:27 | Build | Farm |
Build order — serega_html
94 actions detected in the replay
| 0:01 | Create | Villager (Male) |
| 0:01 | Create | Villager (Male) |
| 0:01 | Create | Villager (Male) |
| 0:03 | Build | House |
| 0:05 | Build | House |
| 0:37 | Create | Villager (Male) |
| 1:24 | Create | Villager (Male) |
| 2:01 | Create | Villager (Male) |
| 2:11 | Build | Lumber Camp |
| 2:19 | Create | Villager (Male) |
| 2:54 | Create | Villager (Male) |
| 3:02 | Create | Villager (Male) |
| 3:40 | Create | Villager (Male) |
| 3:48 | Create | Villager (Male) |
| 4:19 | Create | Villager (Male) |
| 4:35 | Build | House |
| 5:28 | Create | Villager (Male) |
| 5:47 | Create | Villager (Male) |
| 6:01 | Create | Villager (Male) |
| 6:12 | Create | Villager (Male) |
| 6:16 | Build | Mill |
| 6:35 | Build | House |
| 6:42 | Create | Villager (Male) |
| 6:56 | Build | Mill |
| 7:28 | Create | Villager (Male) |
| 7:52 | Create | Villager (Male) |
| 8:08 | Build | Mining Camp |
| 8:12 | Create | Villager (Male) |
| 8:34 | Research | Feudal Age |
| 8:39 | Build | House |
| 8:57 | Create | Villager (Male) |
| 8:57 | Create | Villager (Male) |
| 9:29 | Build | House |
| 11:00 | Age | Feudal Age |
| 11:19 | Build | Market |
| 11:46 | Create | Villager (Male) |
| 12:07 | Build | Blacksmith |
| 12:32 | Research | Castle Age |
| 12:45 | Research | Double-Bit Axe |
| 13:15 | Build | Barracks |
| 13:33 | Create | Villager (Male) |
| 13:33 | Create | Villager (Male) |
| 13:58 | Build | Farm |
| 14:08 | Build | Stable |
| 14:13 | Build | Farm |
| 14:17 | Build | Farm |
| 14:31 | Build | Farm |
| 14:57 | Build | House |
| 15:01 | Build | Farm |
| 15:12 | Age | Castle Age |
| 15:14 | Build | Farm |
| 15:17 | Create | Knight |
| 15:33 | Create | Knight |
| 15:43 | Build | Farm |
| 15:46 | Build | Farm |
| 15:49 | Build | Farm |
| 15:55 | Build | House |
| 15:58 | Create | Knight |
| 16:00 | Create | Villager (Male) |
| 16:11 | Build | Farm |
| 16:21 | Create | Villager (Male) |
| 16:25 | Build | Farm |
| 16:39 | Create | Knight |
| 16:42 | Build | House |
| 16:50 | Create | Villager (Male) |
| 16:53 | Build | Farm |
| 16:58 | Build | Farm |
| 17:19 | Create | Villager (Male) |
| 17:21 | Create | Knight |
| 17:27 | Build | Farm |
| 17:29 | Build | Farm |
| 17:39 | Create | Knight |
| 17:59 | Create | Knight |
| 18:18 | Create | Knight |
| 18:19 | Create | Knight |
| 18:26 | Build | Farm |
| 18:49 | Research | Scale Barding Armor |
| 18:54 | Build | Farm |
| 18:55 | Build | Farm |
| 18:56 | Build | Farm |
| 19:02 | Build | Farm |
| 19:08 | Create | Knight |
| 19:23 | Create | Villager (Male) |
| 19:31 | Build | House |
| 19:42 | Build | Farm |
| 19:45 | Create | Knight |
| 20:05 | Create | Villager (Male) |
| 20:44 | Create | Knight |
| 20:56 | Create | Knight |
| 21:04 | Create | Villager (Male) |
| 21:20 | Research | Chain Barding Armor |
| 21:21 | Research | Forging |
| 21:32 | Create | Knight |
| 22:09 | Create | Knight |
Build order — AiM | Evander
89 actions detected in the replay
| 0:02 | Create | Villager (Male) |
| 0:02 | Create | Villager (Male) |
| 0:02 | Create | Villager (Male) |
| 0:02 | Create | Villager (Male) |
| 0:04 | Build | House |
| 0:07 | Build | House |
| 1:13 | Create | Villager (Male) |
| 1:53 | Create | Villager (Male) |
| 2:24 | Build | Palisade Gate |
| 2:27 | Build | Palisade Wall |
| 2:30 | Build | Palisade Wall |
| 2:36 | Create | Villager (Male) |
| 2:37 | Create | Villager (Male) |
| 2:41 | Build | Palisade Wall |
| 2:45 | Build | Lumber Camp |
| 2:54 | Build | Palisade Wall |
| 2:56 | Build | Palisade Wall |
| 2:57 | Build | Palisade Wall |
| 3:08 | Create | Villager (Male) |
| 3:08 | Create | Villager (Male) |
| 3:09 | Create | Villager (Male) |
| 3:09 | Create | Villager (Male) |
| 3:40 | Create | Villager (Male) |
| 3:40 | Create | Villager (Male) |
| 4:07 | Build | House |
| 4:34 | Create | Villager (Male) |
| 4:48 | Create | Villager (Male) |
| 5:07 | Create | Villager (Male) |
| 5:29 | Build | Palisade Wall |
| 5:30 | Build | Palisade Wall |
| 5:32 | Build | Palisade Wall |
| 5:41 | Create | Villager (Male) |
| 5:42 | Create | Villager (Male) |
| 5:51 | Build | House |
| 5:53 | Build | Mill |
| 6:15 | Create | Villager (Male) |
| 6:15 | Create | Villager (Male) |
| 6:15 | Create | Villager (Male) |
| 6:16 | Create | Villager (Male) |
| 6:59 | Create | Villager (Male) |
| 6:59 | Create | Villager (Male) |
| 6:59 | Create | Villager (Male) |
| 7:00 | Create | Villager (Male) |
| 8:17 | Build | Mining Camp |
| 8:35 | Research | Feudal Age |
| 8:58 | Build | Mining Camp |
| 10:08 | Build | House |
| 10:13 | Create | Villager (Male) |
| 10:13 | Create | Villager (Male) |
| 10:35 | Build | Farm |
| 10:38 | Build | Farm |
| 10:45 | Age | Feudal Age |
| 10:51 | Build | Market |
| 11:20 | Build | Blacksmith |
| 11:38 | Create | Villager (Male) |
| 12:34 | Research | Castle Age |
| 13:03 | Build | Farm |
| 13:21 | Build | House |
| 13:57 | Research | Double-Bit Axe |
| 13:58 | Research | Horse Collar |
| 14:08 | Build | Farm |
| 14:32 | Build | Farm |
| 14:42 | Build | Farm |
| 14:48 | Create | Villager (Male) |
| 15:14 | Age | Castle Age |
| 15:24 | Create | Villager (Male) |
| 15:25 | Research | Bow Saw |
| 15:49 | Build | Castle |
| 15:57 | Create | Villager (Male) |
| 16:27 | Build | Siege Workshop |
| 16:31 | Create | Villager (Male) |
| 16:59 | Create | Villager (Male) |
| 17:00 | Create | Mangonel |
| 17:11 | Research | Fletching |
| 17:25 | Create | Longbowman |
| 17:40 | Build | Town Center |
| 18:16 | Create | Villager (Male) |
| 18:21 | Create | Villager (Male) |
| 18:42 | Build | Town Center |
| 18:47 | Create | Longbowman |
| 19:08 | Create | Villager (Male) |
| 19:08 | Create | Villager (Male) |
| 19:09 | Create | Villager (Male) |
| 19:40 | Research | Loom |
| 19:56 | Build | Monastery |
| 20:04 | Build | Farm |
| 20:05 | Build | Farm |
| 20:38 | Create | Monk |
| 20:45 | Create | Longbowman |
Match timeline
| 2:27 | AiM | Evander · wall_segment Palisade Wall x1 |
| 2:30 | AiM | Evander · wall_segment Palisade Wall x1 |
| 2:41 | AiM | Evander · wall_segment Palisade Wall x1 |
| 2:54 | AiM | Evander · wall_segment Palisade Wall x1 |
| 2:56 | AiM | Evander · wall_segment Palisade Wall x1 |
| 2:57 | AiM | Evander · wall_segment Palisade Wall x1 |
| 5:29 | AiM | Evander · wall_segment Palisade Wall x1 |
| 5:30 | AiM | Evander · wall_segment Palisade Wall x1 |
| 5:32 | AiM | Evander · wall_segment Palisade Wall x1 |
| 7:49 | omnomnomnivore · first_building Barracks |
| 9:17 | omnomnomnivore · age_up feudal |
| 10:25 | omnomnomnivore · first_building Archery Range |
| 10:31 | andreymarchanka · age_up feudal |
| 10:45 | AiM | Evander · age_up feudal |
| 11:00 | serega_html · age_up feudal |
| 12:10 | AiM | Evander · first_market_sell 100 wood |
| 12:11 | AiM | Evander · first_market_buy 100 food |
| 13:15 | serega_html · first_building Barracks |
| 14:08 | serega_html · first_building Stable |
| 14:10 | andreymarchanka · age_up castle |
| 14:11 | andreymarchanka · first_building Siege Workshop |
| 14:58 | andreymarchanka · first_market_buy 100 wood |
| 15:12 | serega_html · age_up castle |
| 15:14 | AiM | Evander · age_up castle |
| 15:39 | andreymarchanka · first_market_sell 100 food |
| 15:49 | AiM | Evander · first_building Castle |
| 16:27 | AiM | Evander · first_building Siege Workshop |
| 16:59 | omnomnomnivore · age_up castle |
| 19:56 | AiM | Evander · first_building Monastery |
| 21:14 | serega_html · first_market_sell 100 wood |
| 22:13 | AiM | Evander · resign |
[ AI ANALYSIS · 1 CREDIT ]
What really happened in this match?
Wolo.gg analyzes every decision: build order, eco, micro, common mistakes by bracket. Personalized analysis on WhatsApp or Discord in 30 seconds.
Civ guide
Inca
Map guide
Arena
Perfil
Jugador #1978798